 Dungeon Crawl Stone Soup version 0.29-a0-821-g66395355a5 (webtiles) character file.

Game seed: 10856462957715812303

32 jimonade the Magician (level 3, 0/26 HPs)
             Began as a Djinni Necromancer on July 7, 2022.
             Was an Initiate of Yredelemnul.
             Slain by a gnoll
             ... wielding a +0 flail
              (6 damage)
             ... on level 2 of the Dungeon.
             The game lasted 00:03:10 (1111 turns).

jimonade the Magician (Djinni Necromancer)          Turns: 1111, Time: 00:03:10

Health: 0/26       AC:  2    Str:  9    XL:     3   Next: 45%
Gold:   25         EV: 12    Int: 16    God:    Yredelemnul [......] SH:  0 Dex: 13

rFire   + + .      SeeInvis .   (no weapon)
rCold   x . .      Faith    .   (no shield)
rNeg    . . .      Spirit   .   a - +0 robe
rPois   ∞          Reflect  .   (no helmet)
rElec   .          Harm     .   (no cloak)
rCorr   +          Rampage  .   (no gloves)
Will    .....                   (boots unavailable)
Stlth   ++........              g - amulet of regeneration
HPRegen 0.88/turn               f - ring of resist corrosion
MPRegen 0.00/turn               (no ring)

@: flying
A: sickness immunity, fire resistance 2, cold vulnerability 1, float, innate
caster, HP casting, extra vitality 1
a: Renounce Religion, Recall Undead Harvest


You were on level 2 of the Dungeon.
You worshipped Yredelemnul.
Yredelemnul was noncommittal.
You visited 1 branch of the dungeon, and saw 2 of its levels.

You collected 25 gold pieces.

Inventory:

Hand Weapons
 b - a +0 dagger
Missiles
 c - 10 stones
Armour
 a - a +0 robe (worn)
 d - a +0 leather armour
Jewellery
 f - a ring of resist corrosion (left hand)
 g - an amulet of regeneration (around neck)
Scrolls
 i - a scroll of fear {unknown}
Potions
 e - 2 potions of haste {unknown}
 h - a potion of curing {unknown}


   Skills:
 * Level 0.5 Fighting
 + Level 2.3 Dodging
 - Level 1.5 Stealth
 * Level 3.9 Spellcasting


You couldn't memorise any spells.
You knew the following spells:

 Your Spells              Type           Power      Damage    Failure   Level
a - Necrotise             Necr           60%        1d7       3%          1
b - Vampiric Draining     Necr           15%        2d7       10%         3
c - Animate Dead          Necr           15%        N/A       32%         4
d - Agony                 Necr           15%        N/A       67%         5
e - Beastly Appendage     Tmut           30%        N/A       3%          1
Your spell library was empty.

Dungeon Overview and Level Annotations

Branches:
Dungeon (2/15)

Altars:
Yredelemnul


Innate Abilities, Weirdness & Mutations

You are immune to sickness and miasma.
You are immune to poison.
Your flesh is very heat resistant. (rF++)
You are vulnerable to cold. (rC-)
You float through the air rather than walking.
You learn spells naturally, not from books.
Your magical power is your life essence.
You have superior vitality. (+4 MHP)


Message History

You swap places.
Your rat skeleton crumbles into dust!
There is a stone staircase leading down here.
You see here a +0 dagger.
Done exploring.
Done exploring.
Done exploring.
Done exploring.
Okay, then.
There is a stone staircase leading down here.
You see here a +0 dagger.
You fly downwards.
There is a stone staircase leading up here.
Found a basalt altar of Yredelemnul.
There is a basalt altar of Yredelemnul here.
You hover solemnly before the altar of Yredelemnul.
Yredelemnul welcomes you!
You can now reap souls.
You can now recall your undead harvest. 4 gnolls come into view.
Found a stone staircase leading up.
The gnoll shouts!
The gnoll writhes in agony.
The gnoll shouts! x2
The gnoll writhes in agony.
The gnoll hits you from afar with a +0 spear.
The gnoll writhes in agony.
The gnoll closely misses you.
The gnoll writhes in agony.
The gnoll writhes in agony.
The gnoll barely resists.
The gnoll writhes in agony.
The gnoll barely misses you. The gnoll hits you with a +0 flail.
The gnoll attacks as you move away! The gnoll closely misses you.
The gnoll attacks as you move away! The gnoll hits you with a +0 flail!
* * * LOW HITPOINT WARNING * * *
You are too injured to fight recklessly!
The gnoll attacks as you move away! The gnoll hits you with a +0 flail.
* * * LOW HITPOINT WARNING * * *
The gnoll attacks as you move away! The gnoll hits you with a +0 flail.
You die...
Your body rises from the dead as a mindless zombie.

##......#
#...._..#
#.#.....######
#.#..........#
#.#.#..#####.#
#.#.....#<.#.#
#.###.#.##.#.#
#.###.#.##.#.#
#.#<#.#.##g#@#
#.#.#.#.##g#g#
#.#...#.##g#.#
#.#####.##.#g#
#.......##.g.#
#.############
###


You could see 3 gnolls.

Vanquished Creatures
  A dart slug (D:1)
  3 bats (D:1)
  3 endoplasms (D:1)
  2 giant cockroaches (D:1)
  6 goblins (D:1)
  2 hobgoblins (D:1)
  2 jackals (D:1)
  2 kobolds (D:1)
  3 rats (D:1)
24 creatures vanquished.

Notes
Turn   | Place    | Note
-------+----------+-------------------------------------------
     0 | D:1      | jimonade the Djinni Necromancer began the quest for the
                  | Orb.
     0 | D:1      | jimonade set off with the following spells memorised:
                  | Necrotise, Vampiric Draining, Animate Dead, Agony.
     0 | D:1      | Reached XP level 1. HP: 15/15 MP: 0/0
   203 | D:1      | Reached XP level 2. HP: 17/21 MP: 0/0
   336 | D:1      | Found a faded altar of an unknown god.
   649 | D:1      | Reached XP level 3. HP: 24/25 MP: 0/0
   649 | D:1      | Learned a level 1 spell: Beastly Appendage
  1049 | D:2      | Found a basalt altar of Yredelemnul.
  1057 | D:2      | Became a worshipper of Yredelemnul the Dark
  1111 | D:2      | Slain by a gnoll

Illustrated notes

Levels and vault maps discovered:
D:1:      dpeg_arrival_subterranean_lakeside_camping, layout_loops_ring,
          basic_ecumenical_altar, lemuel_old_faithful
D:2:      layout_basic, basic_altar, serial_shops, shop_fountains, uniq_jessica

Action                   || total
-------------------------++-------
 Cast: Necrotise         ||    47
Armor: Robe              ||     1
Dodge: Dodged            ||     6

Table legend: (Time is in decaauts)
 A = Elapsed time spent in this place.
 B = Non-inter-level travel time spent in this place.
 C = Inter-level travel time spent in this place.
 D = Time resting spent in this place.
 E = Time spent auto-exploring this place.
 F = Levels seen in this place.
 G = Mean time per level.
                   A        B        C        D        E       F      G
               +--------+--------+--------+--------+--------+-----+--------+
         Total |   1110 |   1102 |      8 |    189 |    711 |   2 |  555.0 |
       Dungeon |   1110 |   1102 |      8 |    189 |    711 |   2 |  555.0 |
               +--------+--------+--------+--------+--------+-----+--------+

Top non-repeatable levels by time:
     D:1: 1043 daAuts
     D:2: 66 daAuts
